 Dungeon Crawl Stone Soup version 0.31-a0-177-g4aa6249778 (webtiles) character file.

Game seed: 14780003762784084092

67 qw the Shooter (level 4, -1/39 HPs)
             Began as a Naga Hunter on June 18, 2023.
             Slain by an orc
             ... wielding a +0 dagger
              (3 damage)
             ... on level 2 of the Dungeon.
             The game lasted 00:00:13 (738 turns).

qw the Shooter (Naga Hunter)                         Turns: 738, Time: 00:00:14

Health: -1/39      AC:  2    Str: 13    XL:     4   Next: 18%
Magic:  4/4        EV:  9    Int: 10    God:
Gold:   51         SH:  0    Dex: 16    Spells: 3/3 levels left

rFire   . . .        Y - +0 shortbow
rCold   . . .        (shield currently unavailable)
rNeg    . . .        c - +0 leather armour
rPois   +            (no helmet)
rElec   .            (no cloak)
rCorr   .            (no gloves)
SInv    +            (no barding)
Will    .....        (no amulet)
Stlth   ++           (no ring)
HPRegen 0.26/turn    (no ring)
MPRegen 0.09/turn

%: no passive effects
@: short of breath, very slow
A: AC +1, large, see invisible, deformed body, poison resistance, slowness 2,
spit poison 1, naga tail 1
a: Spit Poison


You were on level 2 of the Dungeon.
You visited 1 branch of the dungeon, and saw 2 of its levels.

You collected 51 gold pieces.


Innate Abilities, Weirdness & Mutations

Your serpentine skin is tough. (AC +1)
You have supernaturally acute eyesight. (SInv)
Armour fits poorly on your strangely shaped body.
Your system is resistant to poisons. (rPois)
You cover ground very slowly.
You can spit poison.
You have a snake-like lower body.


   Skills:
 + Level 2.0 Fighting
 - Level 5.1 Ranged Weapons
 - Level 1.5 Dodging
 - Level 1.5 Stealth


You had 3 spell levels left.
You didn't know any spells.
Your spell library was empty.

Inventory:

Hand Weapons
 Y - a +0 shortbow (weapon)
Armour
 c - a +0 leather armour (worn)
Scrolls
 a - 4 scrolls of identify
Potions
 d - a potion of haste

Dungeon Overview and Level Annotations

Branches:
Dungeon (2/15)

Altars:


Message History

You kill the orc wizard!
The orc closely misses you.
You have reached level 3!
Your experience leads to an increase in your attributes!
Increase (S)trength, (I)ntelligence, or (D)exterity?
You feel agile. x2; Your skin feels tougher.
You shoot an arrow. The arrow hits the orc wizard.
The orc wizard is moderately wounded.
The orc wizard hits you with a +0 dagger.
The orc hits you with a +0 dagger.
You shoot an arrow. The arrow misses the orc wizard.
The orc wizard hits you with a +0 dagger.
The orc hits you with a +0 dagger.
An orc comes into view.
It is wielding a +0 club and quivering silver boomerangs.
An orc comes into view. It is wielding a +0 dagger.
The orc hits you but does no damage. The orc wizard casts a spell at you.
The puff of flame hits you.
You shoot an arrow. The arrow hits the orc wizard.
The orc wizard is severely wounded.
You have got your breath back.
The orc hits you but does no damage.
736 ||| INVOKING Spit Poison.
Aiming: Spit Poison (2% risk of failure)
Press: ? - help, Shift-Dir - straight line, f/p - orc wizard The splash of poison hits the orc wizard.
The orc wizard is poisoned.
The orc wizard is almost dead.
The orc barely misses you. The orc misses you.
The orc wizard casts a spell at you. The magic dart hits you.
You shoot an arrow. The arrow hits the orc wizard.
You kill the orc wizard!
The orc hits you with a +0 dagger.
Your Ranged Weapons skill increases to level 5!
You have reached level 4!
You feel clever.
You shoot an arrow. The arrow hits the orc!
You kill the orc!
The orc hits you with a +0 dagger.
You die...

..#.#...#....#...####.##
..#....####..#..........
..#....# ##............
......... #............
.......#.# #............
....##.. .##............
.#..###.................#
###.# ......#..........#
# ... ##.##....@)##..###
# ##.. #......o#wo......
# .. .!.....S.#....... .
......#. .....?. ..
.##....# ....... ...
...... ....... .......


oS..... ##.... ....... .##. o...... You could see a worm, 2 orcs and a ball
python.

Vanquished Creatures
  2 orc wizards (D:2)
  An orc (D:2)
  A ball python (D:2)
  A giant cockroach (D:2)
  2 hobgoblins (D:1)
  A jackal (D:1)
  3 kobolds
  A quokka (D:1)
  4 bats
  3 rats
19 creatures vanquished.

Notes
Turn   | Place    | Note
-------+----------+-------------------------------------------
     0 | D:1      | qw the Naga Hunter began the quest for the Orb.
     0 | D:1      | Reached XP level 1. HP: 19/19 MP: 1/1
     0 | D:1      | 0 ||| qw: Version: 0.3-a-7-ge0c9b40
     0 | D:1      | 0 ||| qw: Game counter: 756
     0 | D:1      | 0 ||| qw: Always use a shield: true
     0 | D:1      | 0 ||| qw: God list: Okawaru
     0 | D:1      | 0 ||| qw: Allow faded altars: false
     0 | D:1      | 0 ||| qw: Do Orc after D:15 true
     0 | D:1      | 0 ||| qw: Do second Lair branch before Depths: true
     0 | D:1      | 0 ||| qw: Lair rune preference: random
     0 | D:1      | 0 ||| qw: Plans: Normal
     0 | D:1      | 0 ||| PLANNING D:1-11
    26 | D:1      | 26 ||| INVOKING Spit Poison.
    66 | D:1      | 66 ||| INVOKING Spit Poison.
    67 | D:1      | 67 ||| INVOKING Spit Poison.
    77 | D:1      | 77 ||| INVOKING Spit Poison.
    81 | D:1      | 81 ||| INVOKING Spit Poison.
   197 | D:1      | 197 ||| INVOKING Spit Poison.
   200 | D:1      | 200 ||| INVOKING Spit Poison.
   203 | D:1      | Reached skill level 4 in Ranged Weapons
   203 | D:1      | Reached XP level 2. HP: 17/26 MP: 2/2
   277 | D:1      | 277 ||| INVOKING Spit Poison.
   393 | D:1      | 393 ||| INVOKING Spit Poison.
   566 | D:1      | 566 ||| INVOKING Spit Poison.
   632 | D:1      | 632 ||| READING 4 scrolls labelled VAL EV LIOLAUGEODA.
   633 | D:1      | 633 ||| READING scroll labelled EMIDIY BOUVOLO.
   637 | D:1      | 637 ||| READING 3 scrolls of identify.
   637 | D:1      | 637 ||| IDENTIFYING murky purple potion
   638 | D:1      | 638 ||| READING 2 scrolls of identify.
   638 | D:1      | 638 ||| IDENTIFYING fizzy grey potion
   639 | D:1      | 639 ||| DROPPING scroll of butterflies.
   640 | D:1      | 640 ||| DROPPING potion of berserk rage.
   661 | D:2      | 661 ||| INVOKING Spit Poison.
   694 | D:2      | 694 ||| INVOKING Spit Poison.
   697 | D:2      | 697 ||| INVOKING Spit Poison.
   723 | D:2      | 723 ||| INVOKING Spit Poison.
   725 | D:2      | 725 ||| Stepping ~*~*~tactically~*~*~ (outnumbered).
   728 | D:2      | 728 ||| INVOKING Spit Poison.
   732 | D:2      | 732 ||| INVOKING Spit Poison.
   733 | D:2      | Reached XP level 3. HP: 17/32 MP: 3/3
   736 | D:2      | 736 ||| INVOKING Spit Poison.
   736 | D:2      | HP: 5/32 [orc wizard/magic dart (4)]
   737 | D:2      | HP: 1/32 [orc/+0 dagger (4)]
   738 | D:2      | Reached skill level 5 in Ranged Weapons
   738 | D:2      | Reached XP level 4. HP: 2/39 MP: 4/4
   738 | D:2      | Slain by an orc

Levels and vault maps discovered:
D:1:      dpeg_arrival_rooms_b, layout_basic, serial_bayou_pond_b,
          minmay_misc_feat_pillars
D:2:      layout_rooms

Skill      XL: |  1  2  3 |
---------------+----------+-----
Ranged Weapons | 4 5 |  5.1
Fighting       | |  2.0
Dodging        | |  1.5
Stealth        | |  1.5

Action                     |  1- 3 |  4- 6 || total
---------------------------+-------+-------++-------
   Fire: Shortbow          |    27 |     1 ||    28
Ability: Spit Poison       |    16 |       ||    16
    Use: Scroll            |     4 |       ||     4
 Armour: Leather armour    |     3 |       ||     3
  Dodge: Dodged            |     4 |       ||     4

Table legend:
 A = Non-vault XP
 B = Vault XP
 C = Vault XP percentage of total XP
 D = Non-vault monster count
 E = Vault monster count
 F = Vault count percentage of total count
                 A         B        C        D         E       F
            +---------+---------+-------+---------+---------+-------
      Total |      95 |       5 |   5.0 |      16 |       3 |  15.8
            +---------+---------+-------+---------+---------+-------
        D:1 |      10 |       5 |  33.3 |       7 |       3 |  30.0
        D:2 |      85 |       0 |   0.0 |       9 |       0 |   0.0
            +---------+---------+-------+---------+---------+-------
